 Dungeon Crawl Stone Soup version 0.29.1-15-g9cfb28693d (webtiles) character file.

Game seed: 9110000230460269985

431 TalarFracture the Cudgeller (level 6, -1/51 HPs)
             Began as a Palentonga Fighter on Feb 24, 2023.
             Killed by divine providence
             ... invoked by an orc priest
              (17 damage)
             ... on level 5 of the Dungeon on Mar 2, 2023.
             The game lasted 00:21:49 (2973 turns).

TalarFracture the Cudgeller (Palentonga Fighter)    Turns: 2973, Time: 00:21:49

Health: -1/51      AC: 13    Str: 23    XL:     6   Next: 66%
Magic:  6/6        EV:  1    Int:  8    God:
Gold:   239        SH:  0    Dex: 10    Spells: 5/5 levels left

rFire   . . .      SeeInvis +   f - +4 club
rCold   + . .      Faith    .   j - orb {light}
rNeg    . . .      Spirit   .   o - +0 crystal plate armour
rPois   .          Reflect  .   (no helmet)
rElec   .          Harm     .   x - +0 cloak
rCorr   .          Rampage  .   (no gloves)
Will    .....                   (no barding)
Stlth   ..........              n - amulet of regeneration
HPRegen 0.97/turn               u - ring of protection from cold
MPRegen 0.10/turn               (no ring)

@: glowing
A: large, rugged brown scales 3, see invisible, deformed body, roll 1, armoured
tail
a: Rolling Charge


You were on level 5 of the Dungeon.
You visited 1 branch of the dungeon, and saw 5 of its levels.

You collected 239 gold pieces.

Inventory:

Hand Weapons
 a - a +0 flail
 f - a +4 club (weapon)
 i - a +0 whip
Missiles
 g - 5 boomerangs
 m - a throwing net
Armour
 b - a +0 scale mail
 c - a +0 buckler
 j - an orb of light (worn)
 o - a +0 crystal plate armour (worn)
 x - a +0 cloak (worn)
Jewellery
 n - an amulet of regeneration (around neck)
 u - a ring of protection from cold (left hand)
Wands
 k - a wand of flame (20)
Scrolls
 e - 5 scrolls of identify
 h - 2 scrolls of blinking {unknown}
 p - a scroll of amnesia {unknown}
 t - 2 scrolls of noise {unknown}
 v - a scroll of immolation {unknown}
 y - a scroll of brand weapon {unknown}
 A - 2 scrolls of teleportation {unknown}
 B - 2 scrolls of fear
Potions
 d - 3 potions of might
 l - 2 potions of berserk rage {unknown}
 q - a potion of degeneration {unknown}
 r - a potion of curing
 s - a potion of brilliance
 w - a potion of heal wounds {unknown}
 z - a potion of ambrosia {unknown}


   Skills:
 + Level 4.2 Fighting
 + Level 4.8 Maces & Flails
 + Level 4.2 Armour
 - Level 2.9 Shields


You had 5 spell levels left.
You didn't know any spells.
Your spell library contained the following spells:

 Spells                   Type           Power      Damage    Failure   Level
 Slow                     Hex            0%         N/A       100%        1
 Confusing Touch          Hex            0%         N/A       100%        3
 Vampiric Draining        Necr           0%         2d6       100%        3


Dungeon Overview and Level Annotations

Branches:
Dungeon (5/15)
 Temple: D:4-7

Altars:
Qazlal

Shops:
D:1 !


Innate Abilities, Weirdness & Mutations

You are completely covered in rugged brown scales. (AC +3, +7% HP)
You have supernaturally acute eyesight. (SInv)
Armour fits poorly on your strangely shaped body.
You can roll at nearby foes to attack.
You have a long armoured tail.


Message History

The iguana is severely wounded.
The iguana bites you!
* * * LOW HITPOINT WARNING * * *
You feel better. The iguana completely misses you.
An ogre comes into view. It is wielding a +0 giant club.
The orc hits you but does no damage. The orc attacks as you move away!
The orc hits you but does no damage.
The orc priest attacks as you move away!
The orc priest hits you with a +0 flail.
* * * LOW HITPOINT WARNING * * *
You hit the orc priest.
The orc priest is moderately wounded.
You sock the orc!
You kill the orc!
You hit the iguana.
The iguana is almost dead.
The iguana bites you.
* * * LOW HITPOINT WARNING * * *
You hit the iguana.
You kill the iguana!
You hit the orc priest.
The orc priest is severely wounded.
You barely miss the orc priest.
The orc priest is severely wounded.
The orc priest hits you but does no damage.
You hit the orc priest.
Your tail-slap misses the orc priest.
The orc priest is almost dead.
The orc priest hits you with a +0 flail.
The orc hits you with a +0 mace.
* * * LOW HITPOINT WARNING * * *
The orc attacks as you move away! The orc hits you but does no damage.
The orc priest attacks as you move away!
The orc priest hits you but does no damage.
The orc priest attacks as you move away!
The orc priest hits you but does no damage.
You barely miss the orc priest.
Your tail-slap misses the orc priest.
The orc priest is almost dead.
The orc priest calls down the wrath of Beogh upon you.
Beogh smites you!
You die...

#.##############
#..............#
#########.#########.####
........#.##..........#
#######.#.##.######.#.#
....# #.#.##.# #.#.#
......#.#.##.######.#.#
.................##.#.#
.....##.#.##....@o#.#.#
#..#.##.#.#####.#...#.####
#.......... #.##.......##
........#.#.###.###o#.##..##
...................o........
........................##.#
...........................#
...... .................
...... .......).$....#.#


You could see an orc priest, an orc wizard (invisible) and an orc.

Vanquished Creatures
  A howler monkey (D:4)
  A hound (D:4)
  An orc priest (D:4)
  Jessica (D:2)
  4 orc wizards
  2 iguanas
  4 gnolls (D:2)
  4 adders
  A white imp (D:4)
  2 dart slugs
  12 orcs
  3 bats (D:1)
  7 endoplasms
  A giant cockroach (D:2)
  7 goblins
  5 hobgoblins
  A quokka (D:1)
  10 frilled lizards
  4 kobolds
  3 rats
74 creatures vanquished.

Notes
Turn   | Place    | Note
-------+----------+-------------------------------------------
     0 | D:1      | TalarFracture the Palentonga Fighter began the quest for
                  | the Orb.
     0 | D:1      | Reached XP level 1. HP: 19/19 MP: 1/1
   149 | D:1      | Found a faded altar of an unknown god.
   403 | D:1      | Reached XP level 2. HP: 25/25 MP: 2/2
   426 | D:1      | Found Cyga's Distillery.
  1013 | D:2      | Reached XP level 3. HP: 31/31 MP: 3/3
  1298 | D:2      | Noticed Jessica
  1301 | D:2      | Killed Jessica
  1302 | D:2      | Reached XP level 4. HP: 34/38 MP: 4/4
  1815 | D:3      | Found a stormy altar of Qazlal.
  2283 | D:4      | Reached XP level 5. HP: 44/44 MP: 5/5
  2562 | D:4      | Reached XP level 6. HP: 29/51 MP: 6/6
  2846 | D:5      | Entered Level 5 of the Dungeon
  2973 | D:5      | Killed from afar by an orc priest

Illustrated notes

Levels and vault maps discovered:
D:1:      eino_arrival_water_cross, layout_loops_ring, serial_shops,
          nicolae_shop_temple_entry_statues_fountains,
          hellmonk_ecumenical_altar_slurped_away, fountainhead,
          dk_noncrumbling_3
D:2:      layout_loops_ring, minmay_lizard_pond, uniq_jessica
D:3:      layout_basic, nicolae_qazlal_general_emergency
D:4:      layout_loops_ring
D:5:      layout_basic, minmay_temple_entry_proselytizer

Skill      XL: |  1  2  3  4  5  6 |
---------------+-------------------+-----
Armour         | 3 4 |  4.2
Maces & Flails | 3 4 |  4.8
Fighting       | 4 |  4.2
Shields        | |  2.9

Action                   |  1- 3 |  4- 6 || total
-------------------------+-------+-------++-------
Melee: Flail             |    74 |       ||    74
       Tailslap          |     5 |    14 ||    19
       Club              |       |   121 ||   121
 Abil: Rolling Charge    |     1 |    24 ||    25
  Use: Scroll            |     3 |     1 ||     4
       Potion            |       |     2 ||     2
Armor: Scale mail        |    16 |       ||    16
       Crystal plate arm |    17 |   110 ||   127
Dodge: Dodged            |    22 |     3 ||    25
Block: Buckler           |     3 |       ||     3
